 Dungeon Crawl Stone Soup version 0.31.0-11-ge490571c62 (webtiles) character file.

Game seed: 14695747781443370207

2 shadowrider38 the Sneak (level 1, -15/9 HPs)
             Began as a Spriggan Enchanter on Jan 31, 2024.
             Demolished by Edmund
             ... wielding a +2 heavy dire flail
              (24 damage)
             ... on level 5 of the Dungeon.
             The game lasted 00:02:40 (345 turns).

shadowrider38 the Sneak (Spriggan Enchanter)         Turns: 345, Time: 00:02:40

Health: -15/9      AC:  2    Str:  4    XL:     1   Next: 33%
Magic:  5/5        EV: 17    Int: 16    God:
Gold:   33         SH:  0    Dex: 15    Spells: 5/5 levels left

rFire   . . .        a - +1 dagger
rCold   . . .        (no shield)
rNeg    . . .        b - +0 robe
rPois   .            (helmet restricted)
rElec   .            (no cloak)
rCorr   .            (gloves unavailable)
SInv    +            (boots unavailable)
Will    .....        (no amulet)
Stlth   +++          (no ring)
HPRegen 0.21/turn    (no ring)
MPRegen 0.09/turn

%: no passive effects
@: invisible, very quick
A: very small, no large weapons, unfitting armour, see invisible, speed 3
a: no special abilities


You were on level 5 of the Dungeon.
You visited 1 branch of the dungeon, and saw 5 of its levels.

You collected 33 gold pieces.

Inventory:

Hand Weapons
 a - a +1 dagger (weapon)
Armour
 b - a +0 robe (worn)
Scrolls
 d - a scroll of teleportation {unknown}
 e - a scroll of acquirement {unknown}
 f - a scroll of identify {unknown}
Potions
 c - a potion of invisibility


   Skills:
 - Level 1.1 Short Blades
 - Level 2.6 Dodging
 + Level 4.7 Stealth
 - Level 2.6 Spellcasting
 - Level 3.6 Hexes


You had 5 spell levels left.
You didn't know any spells.
Your spell library contained the following spells:

 Spells                   Type           Power      Damage    Failure   Level
 Confusing Touch          Hex            13%        N/A       13%         3
 Tukima's Dance           Hex            13%        N/A       13%         3
 Ensorcelled Hibernation  Hex/Ice        14%        N/A       14%         2
 Dazzling Flash           Conj/Hex       14%        N/A       28%         3


Dungeon Overview and Level Annotations

Branches:
Dungeon (5/15) Zot: 26982
 Temple: D:4-7

Altars:

Shops:
D:3 [

Annotations:
D:1 exclusion: dart slug
D:2 exclusion: upstairs
D:3 exclusions: endoplasm and rat
D:5 Edmund


Innate Abilities, Weirdness & Mutations

You are very small and have problems with some larger weapons.
You are too small for most types of armour.
You have supernaturally acute eyesight. (SInv)
You cover ground extremely quickly. (Speed+++)


Message History

There are no items here.
Unknown command.
Unknown command.
You barely miss the rat. The rat bites you.
You see here 6 stones.
The rat closely misses you.
You see here 6 stones.
There is a stone staircase leading down here.
The bat misses you.
You climb downwards.
There is a stone staircase leading up here.
Found a stone staircase leading down.
There is a stone staircase leading down here.
You climb downwards.
Found 22 gold pieces and a trident.
Found a stone staircase leading down.
There is a stone staircase leading up here.
Edmund the Younger comes into view.
He is wielding a +2 heavy dire flail.
Unknown command.
Edmund shouts!
You hear an angry hiss.
You fade into invisibility!
You hit Edmund but do no damage.
An adder comes into view.
Unknown command.
The adder hisses angrily.
You hit Edmund but do no damage. Edmund barely misses you.
You hit Edmund but do no damage. You barely miss Edmund.
Edmund closely misses you.
You hit Edmund but do no damage. You hit Edmund but do no damage.
You hit Edmund but do no damage. Edmund misses you.
The adder hisses angrily.
You hit Edmund but do no damage. The adder misses you.
Edmund says, "People will remember me!
They'll remember me and die!"
Edmund barely misses you.
You hit Edmund.
Edmund is lightly wounded.
The adder misses you.
You strike the helpless Edmund from behind!
You hit Edmund.
Edmund is moderately wounded.
The adder closely misses you. Edmund misses you.
You hit Edmund.
Edmund is moderately wounded.
The adder misses you. The adder barely misses you.
You hit Edmund but do no damage.
Edmund is moderately wounded.
Edmund hits you with a +2 heavy dire flail!!
Ouch! That really hurt!
You die...
Edmund says, "I'd like to see a scythe do that!"

##...........
#............
##............
#.............
##.............
#............#
#...........#
#.....@.S).##
##.....@..##
#.....$.##
###>....#
##.<.## #....#
#...## #..$##
#...# #...#


You could see Edmund (unable to see you) and an adder (unable to see you).

Vanquished Creatures
  A hobgoblin (D:2)
  A kobold (D:2)
2 creatures vanquished.

Notes
Turn   | Place    | Note
-------+----------+-------------------------------------------
     0 | D:1      | shadowrider38 the Spriggan Enchanter began the quest for
                  | the Orb.
     0 | D:1      | Reached XP level 1. HP: 9/9 MP: 5/5
   205 | D:2      | You fall into a shaft and drop 1 floor!
   251 | D:3      | Found Izoggur's Antique Armour Shop.
   324 | D:5      | Entered Level 5 of the Dungeon
   325 | D:5      | Noticed Edmund
   345 | D:5      | Demolished by Edmund

Illustrated notes

Levels and vault maps discovered:
D:1:      psy_arrival_dodecagon, layout_basic,
          shapermc_ecumenical_altar_mp_vishouse
D:2:      minmay_inner_zag, layout_loops_ring, serial_shops, shop
D:3:      wad_river_or_something, layout_loops_ring,
          nicolae_elyvilon_temple_path, serial_shops, nicolae_shop_waterfront,
          dk_noncrumbling_4, uniq_robin, uniq_jessica, uniq_grinder
D:4:      layout_basic
D:5:      layout_layer_cave, mainiacjoe_overflow_small_starburst, uniq_edmund

Action                     || total
---------------------------++-------
  Melee: Dagger            ||    21
    Use: Potion            ||     1
   Stab: Invisible         ||     1
 Armour: Robe              ||     5
  Dodge: Dodged            ||    17
